 Dungeon Crawl Stone Soup version 0.17-a0-1830-g81820eb (webtiles) character file.

402 Neuromancien059 the Cudgeler (level 6, -3/62 HPs)
             Began as a Troll Berserker on Sept 13, 2015.
             Was a Believer of Trog.
             Slain by an ogre
             ... wielding a +0 giant spiked club
              (25 damage)
             ... on level 4 of the Dungeon.
             The game lasted 00:31:56 (2691 turns).

Neuromancien059 the Cudgeler (Troll Berserker)      Turns: 2691, Time: 00:31:56

Health: -3/62      AC: 10    Str: 26    XL:     6   Next: 55%
Magic:  5/5        EV: 11    Int:  3    God:    Trog [**....]
Gold:   62         SH:  0    Dex: 11    Spells: 0 memorised, 5 levels left

rFire  . . .     SeeInvis .     q - +0 mace (protect)
rCold  . . .     Clarity  .     b - +0 animal skin
rNeg   . . .     SustAt   .     (no shield)
rPois  .         Gourm    +     (helmet restricted)
rElec  .         Spirit   .     (no cloak)
rCorr  .         Warding  .     (gloves unavailable)
rMut   .         Stasis   .     (boots unavailable)
MR     ++...                    (no amulet)
Stlth  +.........               (no ring)
                                (no ring)

@: regenerating, very resistant to hostile enchantments, very unstealthy
A: unfitting armour, claws 3, fast metabolism 3, gourmand, regeneration 2,
shaggy fur 1, tough skin 2
a: Burn Spellbooks, Berserk, Trog's Hand, Renounce Religion


You were on level 4 of the Dungeon.
You worshipped Trog.
Trog was pleased with you.
You were not hungry.

You visited 1 branch of the dungeon, and saw 4 of its levels.

You collected 62 gold pieces.

Inventory:

Hand weapons
 a - a +0 mace
 e - a +0 mace
 q - a +0 mace of protection (weapon)
Armour
 b - a +0 animal skin (worn)
 f - a +2 cloak
 l - a cursed +0 helmet
Jewellery
 u - a +4 ring of dexterity {unknown}
Scrolls
 d - 7 scrolls of identify {unknown}
 g - 2 scrolls of magic mapping {unknown}
 k - 2 scrolls of enchant weapon {unknown}
 n - a scroll of random uselessness {unknown}
 o - 2 scrolls of enchant armour {unknown}
 r - a scroll of fear {unknown}
 s - a scroll of remove curse {unknown}
Potions
 h - a potion of lignification {unknown}
 i - a potion of beneficial mutation {unknown}
 m - 3 potions of flight {unknown}
 p - a potion of haste {unknown}
 t - a potion of curing {unknown}
Comestibles
 c - 3 bread rations
 j - 13 chunks of flesh


   Skills:
 + Level 3.6 Fighting
 + Level 4.4 Maces & Flails
 + Level 4.1 Dodging
 + Level 0.8 Stealth


You had 5 spell levels left.
You didn't know any spells.

Dungeon Overview and Level Annotations

Branches:
Dungeon (4/15)
 Temple: D:4-7

Altars:
Fedhas
Qazlal


Innate Abilities, Weirdness & Mutations

You are too large for most types of armour.
You have claws for hands.
Your metabolism is lightning-fast.
You like to eat raw meat.
You heal very quickly.
You are covered in fur (AC +1).
You have very tough skin (AC +2).


Message History

Trog accepts your kill.
You hit the ogre.
The ogre is lightly wounded.
The ogre closely misses you.
A giant gecko skeleton comes into view.
The ogre hits you with a giant spiked club!
You hit the ogre.
The ogre is lightly wounded.
The ogre hits you with a giant spiked club!
You thump the ogre!
The ogre is moderately wounded.
The ogre hits you with a giant spiked club!!
You sock the ogre!
The ogre is almost dead.
Use which ability?
Your skin crawls.
You feel resistant to hostile enchantments.
You feel slightly more hungry.
The ogre hits you with a giant spiked club!!
You die...

.. ##.## . !.. .
... #. ... # #..
#.##.###.###
#.###.#..........
#........Z....#
#.# #O# #.# #@#
#.#######.#
###.##......#
#...........#
#.#.##.####.#
#.#.##.# #.#
#.#.##.# #.#
#.#....# #.#
#.####.####.##


You could see an ogre and a giant gecko skeleton.

Vanquished Creatures
  An ogre (D:4)
  A scorpion (D:4)
  A centaur skeleton (D:4)
  A hound (D:3)
  An orc priest (D:3)
  A worker ant (D:3)
  6 adders
  2 river rats (D:3)
  An ooze (D:1)
  5 worms
  4 orcs (D:3)
  5 giant cockroaches
  8 goblins
  6 hobgoblins
  3 jackals (D:1)
  7 bats
  4 giant geckos
  4 giant newts
  8 kobolds
  8 rats
77 creatures vanquished.

Notes
Turn   | Place    | Note
--------------------------------------------------------------
     0 | D:1      | Neuromancien059 the Troll Berserker began the quest for the Orb.
     0 | D:1      | Reached XP level 1. HP: 22/22 MP: 0/0
   166 | D:1      | Reached XP level 2. HP: 23/29 MP: 1/1
   180 | D:1      | Reached skill level 3 in Maces & Flails
   909 | D:2      | Reached XP level 3. HP: 36/36 MP: 2/2
   989 | D:2      | Found a stormy altar of Qazlal.
   989 | D:2      | Found a blossoming altar of Fedhas.
  1512 | D:2      | Acquired Trog's second power
  1639 | D:3      | Reached XP level 4. HP: 42/44 MP: 3/3
  1964 | D:3      | Reached XP level 5. HP: 23/53 MP: 4/4
  2509 | D:4      | Noticed an ogre
  2516 | D:4      | Killed an ogre
  2516 | D:4      | Reached skill level 4 in Maces & Flails
  2516 | D:4      | Reached XP level 6. HP: 24/61 MP: 5/5
  2682 | D:4      | Noticed an ogre
  2691 | D:4      | Slain by an ogre

Vault maps used:
D:1:      minmay_arrival_stair_chambers
D:2:      grunt_temple_overflow_forces_of_nature, minmay_misc_feat_rows
D:3:      gup_sewer_entry_bubbles
D:4:      gammafunk_temple_overflow_forgotten, uniq_sigmund

Action                   |  1- 3 |  4- 6 || total
-------------------------+-------+-------++-------
Melee: Mace              |   139 |   165 ||   304
Invok: Trog's Hand       |       |     3 ||     3
       Berserk           |       |     2 ||     2
 Stab: Sleeping          |     1 |     1 ||     2
  Eat: Chunk             |     4 |     7 ||    11
       Meat ration       |     2 |     1 ||     3
